 Dungeon Crawl Stone Soup version 0.29-a0-1043-g569b05d6ff (webtiles) character file.

Game seed: 2722733092927454032

417828 miket3c the Axe Maniac (level 22, -16/316 HPs)
             Began as a Minotaur Fighter on Aug 15, 2022.
             Was the Champion of Okawaru.
             Demolished by an acid blob (27 damage)
             ... created by the Royal Jelly
             ... on level 5 of the Pits of Slime.
             The game lasted 01:40:47 (61354 turns).

miket3c the Axe Maniac (Minotaur Fighter)          Turns: 61354, Time: 01:40:48

Health: -16/316    AC: 32    Str: 31    XL:     22   Next: 59%
Magic:  0/21       EV: 15    Int: 10    God:    Okawaru [******]
Gold:   700        SH: 14    Dex:  7    Spells: 21/21 levels left

rFire   . . .      SeeInvis +   P - +8 mithril axe "Arga" {speed, Will+}
rCold   + . .      Faith    .   V - +0 kite shield {reflect}
rNeg    + . .      Spirit   +   X - +12 crystal plate armour
rPois   .          Reflect  +   I - +1 hat {Will+}
rElec   +          Harm     .   w - +1 cloak of Starlight {*Dazzle EV+4 Stlth--}
rCorr   +          Rampage  .   J - +1 pair of gloves "Ageimen" {Will+ rCorr Dex-4}
Will    +++++                   v - +1 pair of boots of the Six Telling Friars {rC+ rN+}
Stlth   ..........              y - amulet of guardian spirit
HPRegen 0.62/turn               a - ring of Cheibriados, Blushing {rElec Will+ Int+5 SInv Stlth-}
MPRegen 0.17/turn               Q - ring of resist corrosion

@: mighty, berserking, engulfed (cannot breathe), corroded, hasted, studying 2
skills, very quick
A: horns 2, retaliatory headbutt
}: 2/15 runes: decaying, serpentine
a: Renounce Religion, Heroism, Finesse, Duel


You were on level 5 of the Pits of Slime.
You worshipped Okawaru.
Okawaru was exalted by your worship.
You visited 9 branches of the dungeon, and saw 44 of its levels.

You collected 3710 gold pieces.
You spent 3010 gold pieces at shops.

Inventory:

Hand Weapons
 b - a +9 antimagic executioner's axe
 O - a +9 broad axe of draining
 P - the +8 mithril axe "Arga" (weapon) {speed, Will+}
   (Okawaru gifted it to you on level 10 of the Dungeon)

   Attacks with this weapon are significantly faster.
   Will:      It increases your willpower.
 R - the +7 broad axe of Wyrd {pain, rPois Will+ Dex+4}
   (Okawaru gifted it to you on level 10 of the Dungeon)

   In the hands of one skilled in necromantic magic, it inflicts extra damage on
   living creatures.
   Dex:       It affects your dexterity (+4).
   rPois:     It protects you from poison.
   Will:      It increases your willpower.
Missiles
 d - 8 silver javelins
 f - 3 throwing nets
 l - 52 poisoned darts
 o - 6 datura-tipped darts
 z - 28 boomerangs
 E - 7 javelins
 M - 10 curare-tipped darts (quivered)
 N - 17 atropa-tipped darts
Armour
 s - the +1 pair of boots "Laeqorawk" {rF+ Will- Int+7 Dex-2}
   (You found it on level 4 of the Lair of Beasts)

   Int:       It affects your intelligence (+7).
   Dex:       It affects your dexterity (-2).
   rF:        It protects you from fire.
   Will:      It decreases your willpower.
 v - the +1 pair of boots of the Six Telling Friars (worn) {rC+ rN+}
   (Okawaru gifted it to you on level 4 of the Depths)

   rC:        It protects you from cold.
   rN:        It protects you from negative energy.
 w - the +1 cloak of Starlight (worn) {*Dazzle EV+4 Stlth--}
   (Okawaru gifted it to you on level 1 of the Lair of Beasts)

   It may blind those who miss an attack against the wearer in melee combat.
   EV:        It affects your evasion (+4).
   Stlth:     It makes you much less stealthy.
 H - +6 gold dragon scales
 I - a +1 hat of willpower (worn)
 J - the +1 pair of gloves "Ageimen" (worn) {Will+ rCorr Dex-4}
   (Okawaru gifted it to you on level 14 of the Dungeon)

   Dex:       It affects your dexterity (-4).
   rCorr:     It protects you from acid and corrosion.
   Will:      It increases your willpower.
 K - a +2 kite shield of positive energy
 V - a +0 kite shield of reflection (worn)
 X - a +12 crystal plate armour (worn)
 Y - a +2 kite shield of fire resistance
Jewellery
 a - the ring of Cheibriados, Blushing (left hand) {rElec Will+ Int+5 SInv Stlth-}
   (You found it on level 1 of the Lair of Beasts)

   [ring of willpower]

   Int:       It affects your intelligence (+5).
   rElec:     It insulates you from electricity.
   SInv:      It lets you see invisible.
   Will:      It increases your willpower.
   Stlth:     It makes you less stealthy.
 c - the ring "Qumen" {rPois Int+2 Dex+2 Stlth+}
   (You found it on level 1 of the Snake Pit)

   [ring of poison resistance]

   Int:       It affects your intelligence (+2).
   Dex:       It affects your dexterity (+2).
   rPois:     It protects you from poison.
   Stlth:     It makes you more stealthy.
 m - a ring of protection from cold
 q - an amulet of magic regeneration
 t - a ring of protection from fire
 u - a ring of positive energy
 y - an amulet of guardian spirit (around neck)
 B - a ring of flight
 Q - a ring of resist corrosion (right hand)
Wands
 e - a wand of digging (18)
 n - a wand of mindburst (25)
 r - a wand of flame (144)
 x - a wand of iceblast (25)
 F - a wand of acid (18)
Scrolls
 h - 3 scrolls of fear
 k - 11 scrolls of teleportation
 p - 3 scrolls of magic mapping
 S - 4 scrolls of silence
 U - 11 scrolls of identify
 W - 7 scrolls of poison
Potions
 g - 2 potions of magic
 i - 4 potions of cancellation
 j - 14 potions of curing
 A - a potion of berserk rage
 C - 3 potions of brilliance
 G - 3 potions of mutation
 L - 4 potions of resistance
 T - 3 potions of haste


   Skills:
 + Level 20.4 Fighting
 O Level 27 Axes
 + Level 20.4 Armour
 + Level 19.0 Dodging
 + Level 21.8 Shields
 + Level 9.0 Evocations


You had 21 spell levels left.
You didn't know any spells.
Your spell library contained the following spells:

 Spells                   Type           Power      Damage    Failure   Level
 Apportation              Tloc           0%         N/A       99%         1
 Beastly Appendage        Tmut           0%         N/A       99%         1
 Freeze                   Ice            0%         1d3       99%         1
 Necrotise                Necr           0%         1d4       99%         1
 Shock                    Conj/Air       0%         1d3       99%         1
 Slow                     Hex            0%         N/A       99%         1
 Ensorcelled Hibernation  Hex/Ice        0%         N/A       100%        2
 Passwall                 Tmut/Erth      0%         N/A       100%        2
 Poisonous Vapours        Pois/Air       0%         N/A       100%        2
 Static Discharge         Conj/Air       0%         3-3/arc   100%        2
 Sublimation of Blood     Necr           0%         N/A       100%        2
 Conjure Flame            Conj/Fire      0%         6-21      100%        3
 Frozen Ramparts          Ice            0%         1d1       100%        3
 Ignite Poison            Fire/Tmut/Pois 0%         N/A       100%        3
 Inner Flame              Hex/Fire       0%         N/A       100%        3
 Mephitic Cloud           Conj/Pois/Air  0%         N/A       100%        3
 Ozocubu's Armour         Ice            0%         N/A       100%        3
 Swiftness                Air            0%         N/A       100%        3
 Airstrike                Air            0%         2d(0-16)  100%        4
 Corpse Rot               Necr/Pois/Air  0%         N/A       100%        4
 Dispel Undead            Necr           0%         3d6       100%        4
 Hailstorm                Conj/Ice       0%         3d3       100%        4
 Ice Form                 Ice/Tmut       0%         N/A       100%        4
 Olgreb's Toxic Radiance  Pois           0%         N/A       100%        4
 Petrify                  Tmut/Erth      0%         N/A       100%        4
 Sticky Flame             Conj/Fire      0%         2d3       100%        4
 Blade Hands              Tmut           0%         N/A       100%        5
 Fireball                 Conj/Fire      0%         3d3       100%        5
 Freezing Cloud           Conj/Ice/Air   0%         6-21      100%        5
 Irradiate                Conj/Tmut      0%         3d11      100%        5
 Lightning Bolt           Conj/Air       0%         1d11      100%        5
 Starburst                Conj/Fire      0%         6d3       100%        6
 Dragon Form              Tmut           0%         N/A       100%        7
 Ozocubu's Refrigeration  Ice            0%         4d7       100%        7
 Ignition                 Fire           0%         3d3       100%        8
 Maxwell's Capacitive Co  Air            0%         ∞         100%        8
 Fire Storm               Conj/Fire      0%         5d1       100%        9
 Summon Small Mammal      Summ           Unusable   N/A       N/A         1
 Tukima's Dance           Hex            Unusable   N/A       N/A         3
 Summon Ice Beast         Ice/Summ       Unusable   N/A       N/A         4
 Death Channel            Necr           Unusable   N/A       N/A         6

Dungeon Overview and Level Annotations

Branches:
Dungeon (15/15)            Temple (1/1) D:4            Lair (5/5) D:9
  Swamp (4/4) Lair:3        Snake (4/4) Lair:2        Slime (5/5) Lair:5
    Orc (2/2) D:9             Elf (0/3) Orc:2        Vaults (4/5) D:14
  Crypt (0/3) Vaults:2     Depths (4/4) D:15            Zot (0/5) Depths:4

Altars:
Ashenzari
Cheibriados
Dithmenos
Elyvilon
Fedhas
Gozag
Hepliaklqana
Kikubaaqudgha
Makhleb
Nemelex Xobeh
Okawaru
Qazlal
Ru
Sif Muna
Trog
Uskayaw
Vehumet
Wu Jian
Xom
Yredelemnul
Zin
The Shining One

Shops:
D:1 (   D:2 (   D:7 :   D:12 *   D:13 *   Orc:1 !   Orc:2 :[:[   Snake:1 (
Snake:2 =([   Depths:1 (?:   Depths:2 ?   Depths:3 :==(

Portals:
Hell: Depths:1 Depths:2 Depths:3 Depths:4
Abyss: Depths:1 Depths:3
Pandemonium: Depths:1 Depths:2
Ziggurat: Depths:2
Trove: Depths:1 (give 4 potions of resistance)

Annotations:
D:12 3 runed translucent doors, exclusion: obsidian statue, Tuyluirph's ghost, adept MfTm
Snake:2 Roxanne
Vaults:1 2 transporters
Depths:4 3 runed translucent doors


Innate Abilities, Weirdness & Mutations

You have a pair of horns on your head.
You reflexively headbutt those who attack you in melee.


Message History

You slice the quicksilver ooze like a ripe choko!!!
You kill the quicksilver ooze!
That felt strangely unrewarding.
You gasp with relief as air once again reaches your lungs.
You slash the quicksilver ooze!
You block the quicksilver ooze's attack.
The quicksilver ooze hits you but does no damage.
The acid blob spits acid at you. The splash of acid hits you. You resist.
* * * LOW HITPOINT WARNING * * *
The acid blob hits you but does no damage.
You slash the rockslime!
You kill the rockslime!
That felt strangely unrewarding.
You barely miss the quicksilver ooze. You hit the acid blob.
Your hands burn!
* * * LOW HITPOINT WARNING * * *
You slash the azure jelly!
The azure jelly hits you but does no damage. x2
You block the azure jelly's attack. x2
You hit the rockslime but do no damage. You headbutt the rockslime.
The rockslime is lightly wounded.
You hit the quicksilver ooze. You slash the quicksilver ooze!
You kill the quicksilver ooze!
That felt strangely unrewarding.
You barely miss the acid blob. You slice the azure jelly!!
You kill the azure jelly!
That felt strangely unrewarding.
You slash the acid blob!
Your hands burn!
* * * LOW HITPOINT WARNING * * *
You headbutt the acid blob, but do no damage.
The acid blob is lightly wounded.
You slice the acid blob!!
Your hands burn!
* * * LOW HITPOINT WARNING * * *
You slash the quicksilver ooze! You hit the acid blob.
Your hands burn!
* * * LOW HITPOINT WARNING * * *
You slice the rockslime!! You hit the rockslime but do no damage.
The quicksilver ooze hits you. The quicksilver ooze engulfs you!
The quicksilver ooze hits you but does no damage.
The acid blob hits you!!
You die...

#.#....##.#.
##...............
##................
##..................
##......................
#.......................
###......................
####...<.........J..........
.#.............J@J..........
...............JJJJ.........
................J.J.........
..................J.........
............................
...............#.#....##....
...............####.### ...
.............### #..# .
............## ##.#


You could see 3 acid blobs, an azure jelly, 2 slime creatures, 2 rockslimes and
2 quicksilver oozes.

Vanquished Creatures
  the Royal Jelly (Slime:5)
  Mara (Depths:2)
  Parghit (Depths:4)
  Bai Suzhen (Swamp:4)
  2 caustic shrikes (Depths:3)
  3 golden dragons
  3 bone dragons
  Nikola (Swamp:2)
  A Tzitzimitl (Depths:1)
  A doom hound (Depths:1)
  2 tentacled monstrosities
  2 hellephants (Depths:1)
  Mlioglotl (Swamp:4)
  Rupert (D:14)
  The ghost of nickcage the Shatterer, an adept MiMo of the Shining One (Swamp:4)
  Asterion (Vaults:2)
  A walking frostbound tome (Depths:2)
  5 liches
  A titan (Depths:4)
  A deep elf blademaster (Depths:1)
  A deep elf master archer (Depths:1)
  A walking divine tome (Depths:2)
  2 sphinxes (Depths:2)
  A quicksilver dragon (Depths:3)
  7 acid blobs
  Gastronok (D:8)
  2 tengu reavers (Depths:4)
  Kirke (Lair:5)
  A thorn hunter (Swamp:3)
  A storm dragon (Depths:2)
  3 rockslimes (Slime:5)
  2 fenstrider witches (Swamp:3)
  5 fire giants
  4 azure jellies
  9 frost giants
  A shadow dragon (Depths:4)
  3 nagarajas
  Donald (Vaults:4)
  Aizul (Lair:2)
  5 vault wardens
  An orc warlord (Vaults:3)
  2 iron dragons (Depths:2)
  2 draconian shifters (Depths:4)
  A reaper (Depths:1)
  A spriggan defender (Depths:4)
  2 war gargoyles (Vaults:2)
  10 quicksilver oozes
  2 caustic shrike skeletons (Depths:1)
  5 ironbound thunderhulks
  9 ironbound preservers
  21 very ugly things
  2 black draconians (Depths:4)
  3 vampire knights
  Azrael (D:14)
  A putrid mouth (Depths:1)
  11 stone giants
  A green draconian (Depths:4)
  8 dire elephants
  An eleionoma (Swamp:4)
  3 bunyips
  3 purple draconians (Depths:4)
  A yellow draconian (Depths:4)
  12 spark wasps
  A blizzard demon (Depths:2)
  Snorg (D:10)
  2 crystal guardians (Vaults:3)
  9 fire dragons
  A merfolk javelineer (Depths:2)
  7 ettins
  2 yaktaur captains
  Fannar (Orc:1)
  7 great orbs of eyes
  A jorogumo (shapeshifter) (Depths:3)
  2 peacekeepers
  3 vault guards
  8 ice dragons
  4 salamander tyrants (Snake:4)
  3 rakshasas
  16 hydras
  6 boulder beetles
  6 spriggan air magi
  2 ghost crabs (Swamp:4)
  6 ogre magi
  A catoblepas (Lair:2)
  9 alligators
  6 ironbound frosthearts
  17 two-headed ogres
  11 anacondas
  6 centaur warriors
  14 naga warriors
  9 death yaks (Lair:3)
  10 deep troll earth magi
  7 deep troll shamans
  10 hell knights
  3 tengu warriors
  18 naga sharpshooters
  5 spriggan berserkers
  Urug (Lair:4)
  7 shock serpents
  Sonja (Orc:1)
  2 iron trolls
  4 salamander mystics (Snake:4)
  A goliath frog (shapeshifter) (Vaults:1)
  A skeletal warrior (Vaults:2)
  4 sea snakes
  A death drake (Swamp:4)
  51 deep trolls
  7 naga ritualists
  3 spriggan druids (Swamp:4)
  A spark wasp zombie (Depths:1)
  6 goliath frogs
  2 flayed ghosts
  2 spectral hydras (Swamp:4)
  9 bog bodies
  4 swamp dragons
  6 glowing orange brains
  10 lindwurms
  41 ugly things
  13 wizards
  A deep elf pyromancer (D:15)
  14 ironbound convokers
  9 harpies (Vaults:1)
  5 orc knights
  6 necromancers
  3 orc sorcerers
  5 phantasmal warriors
  A manticore (D:14)
  5 oklob plants (Lair:5)
  2 fire giant zombies (Depths:1)
  9 salamanders
  8 cyclopes
  2 shining eyes
  4 mana vipers
  A fire giant skeleton (Depths:1)
  A will-o-the-wisp (Swamp:1)
  A rust devil (Depths:2)
  5 guardian serpents
  26 naga magi
  29 black mambas
  2 eyes of devastation (Slime:3)
  Joseph (D:8)
  21 elephants
  An eye of devastation (shapeshifter) (D:10)
  2 human skeletons
  14 vault sentinels
  A gargoyle (D:13)
  23 cane toads
  Maggie (D:10)
  An unseen horror (D:11)
  9 yaktaurs
  5 swamp worm zombies (Swamp:4)
  3 tengu conjurers
  2 rime drakes
  11 komodo dragons
  A golden dragon simulacrum (Vaults:3)
  An ice devil (Depths:1)
  A hellwing (Depths:2)
  5 red devils
  3 hydra zombies (Swamp:4)
  3 meliai (D:11)
  A yaktaur skeleton (Vaults:3)
  A queen bee (Lair:1)
  A bloated husk (Swamp:4)
  A meliai (shapeshifter) (D:15)
  13 blink frogs
  12 hornets
  4 polar bears
  16 trolls
  8 tyrant leeches
  50 slime creatures
  A blink frog (shapeshifter) (D:13)
  A slime creature (shapeshifter) (Depths:4)
  A frost giant simulacrum (Depths:1)
  4 alligator zombies (Swamp:4)
  3 spectral swamp dragons (Swamp:4)
  12 spriggans
  2 shadows
  40 yaks
  A vampire (D:11)
  6 water elementals
  A basilisk (shapeshifter) (D:15)
  3 wraiths
  3 fire elementals (D:14)
  A hog (shapeshifter) (Depths:2)
  3 hogs (Lair:5)
  A basilisk (D:14)
  19 humans (D:14)
  8 wyverns
  A steam dragon (D:7)
  20 vampire mosquitoes
  A neqoxec (Depths:2)
  Menkaure (D:6)
  3 wargs
  40 nagas
  17 swamp worms
  A floating eye (Depths:4)
  2 hell hounds (D:14)
  16 water moccasins
  13 orc warriors
  4 swamp dragon zombies (Swamp:4)
  A swamp drake (Swamp:4)
  24 ogres
  9 wolves
  A boggart (Vaults:1)
  3 centaurs
  5 phantoms
  4 kobold brigands
  16 bullfrogs
  3 necrophages (D:6)
  2 scorpions (D:5)
  8 wights
  41 killer bees
  3 howler monkeys
  2 electric eels
  4 hounds
  A jelly (D:4)
  Crazy Yiuf (D:3)
  3 gnoll boudas
  6 orc priests
  Jessica (D:2)
  An iguana (D:4)
  11 orc wizards
  Terence (D:2)
  A spectral swamp drake (Swamp:4)
  4 hell rats (Lair:5)
  Robin (D:2)
  20 gnolls
  10 adders
  2 swamp drake zombies (Swamp:4)
  A shadow imp (D:5)
  2 white imps (D:6)
  2 worms (D:2)
  5 dart slugs
  43 orcs
  9 ball pythons
  2 bats (D:1)
  9 endoplasms
  A giant cockroach (D:2)
  10 goblins
  13 hobgoblins
  5 jackals (D:2)
  2 quokkas
  7 frilled lizards
  23 kobolds
  5 rats
1489 creatures vanquished.

Vanquished Creatures (others)
  A phantasmal warrior (Swamp:4)
  5 bloated husks
  2 swamp worms (Swamp:2)
  3 phantoms (Swamp:4)
  An orc priest (Orc:1)
  A gnoll bouda (D:7)
  An orc (Orc:1)
  6 foxfires (Swamp:1)
  22 fungi
  98 plants
140 creatures vanquished.

Grand Total: 1629 creatures vanquished

Notes
Turn   | Place    | Note
-------+----------+-------------------------------------------
     0 | D:1      | miket3c the Minotaur Fighter began the quest for the Orb.
     0 | D:1      | Reached XP level 1. HP: 19/19 MP: 0/0
   254 | D:1      | Reached XP level 2. HP: 27/27 MP: 1/1
   415 | D:1      | Found Vyrph's Antique Weapon Shoppe.
   420 | D:1      | Reached skill level 3 in Axes
   458 | D:1      | Found a faded altar of an unknown god.
   797 | D:1      | Found a radiant altar of Vehumet.
   910 | D:2      | Reached XP level 3. HP: 33/33 MP: 2/2
  1030 | D:2      | Found Fehaolir's Antique Weapon Emporium.
  1424 | D:2      | Reached XP level 4. HP: 38/40 MP: 3/3
  1433 | D:2      | Noticed Robin
  1447 | D:2      | Killed Robin
  1448 | D:2      | Reached skill level 4 in Axes
  1450 | D:2      | Noticed Terence
  1457 | D:2      | Killed Terence
  1602 | D:2      | Noticed Jessica
  1606 | D:2      | Killed Jessica
  1607 | D:2      | Reached XP level 5. HP: 47/47 MP: 4/4
  1915 | D:3      | Found a broken altar of Ashenzari.
  1915 | D:3      | Found a burning altar of Makhleb.
  1915 | D:3      | Found a sacrificial altar of Ru.
  1918 | D:3      | Found a hazy altar of Hepliaklqana.
  1918 | D:3      | Found a hide-covered altar of Uskayaw.
  1918 | D:3      | Found a shadowy altar of Dithmenos.
  1920 | D:3      | Found a radiant altar of Vehumet.
  1920 | D:3      | Found a stormy altar of Qazlal.
  1920 | D:3      | Found a blossoming altar of Fedhas.
  1999 | D:3      | Noticed an ogre
  2004 | D:3      | Killed an ogre
  2005 | D:3      | Reached skill level 5 in Axes
  2114 | D:3      | Reached XP level 6. HP: 53/55 MP: 5/5
  2337 | D:3      | Reached skill level 5 in Fighting
  2337 | D:3      | Reached skill level 5 in Armour
  2340 | D:3      | Reached skill level 5 in Shields
  2602 | D:3      | Found a runed translucent door.
  2603 | D:3      | Noticed Crazy Yiuf
  2816 | D:3      | Killed Crazy Yiuf
  3295 | D:4      | Reached skill level 6 in Axes
  3295 | D:4      | Reached XP level 7. HP: 61/61 MP: 6/6
  3466 | D:4      | Found a staircase to the Ecumenical Temple.
  3498 | Temple   | Entered the Ecumenical Temple
  3518 | Temple   | Became a worshipper of Warmaster Okawaru
  3884 | D:5      | Entered Level 5 of the Dungeon
  4084 | D:5      | Reached skill level 7 in Axes
  4465 | D:6      | Reached XP level 8. HP: 70/70 MP: 7/7
  4695 | D:6      | Noticed Menkaure
  5176 | D:6      | Reached skill level 8 in Axes
  5233 | D:6      | Killed Menkaure
  5233 | D:6      | Reached * piety under Okawaru
  6137 | D:7      | Reached skill level 9 in Axes
  6140 | D:7      | Reached ** piety under Okawaru
  6141 | D:7      | Reached XP level 9. HP: 47/79 MP: 3/8
  6446 | D:7      | Found Heck's Self-Improvement Boutique.
  6974 | D:8      | Reached skill level 10 in Axes
  7238 | D:8      | Noticed Gastronok
  7252 | D:8      | Killed Gastronok
  7252 | D:8      | Reached *** piety under Okawaru
  7252 | D:8      | Received a gift from Okawaru
  7253 | D:8      | Reached skill level 11 in Axes
  7253 | D:8      | Reached XP level 10. HP: 80/90 MP: 5/9
  7346 | D:8      | Noticed Joseph
  7354 | D:8      | Killed Joseph
  7354 | D:8      | Reached **** piety under Okawaru
  7800 | D:9      | Found a staircase to the Lair.
  8080 | D:9      | Found a staircase to the Orcish Mines.
  8268 | D:9      | Found an ancient bone altar of Kikubaaqudgha.
  8562 | D:10     | Entered Level 10 of the Dungeon
  8765 | D:10     | Noticed Snorg
  8780 | D:10     | Killed Snorg
  8781 | D:10     | Reached skill level 12 in Axes
  8923 | D:10     | Identified the +0 robe of the Mind {Str+4 Int-2 Dex+6}
  9027 | D:10     | Noticed Maggie
  9035 | D:10     | Killed Maggie
  9110 | D:10     | Reached ***** piety under Okawaru
  9196 | D:10     | Noticed a centaur warrior
  9208 | D:10     | Killed a centaur warrior
  9208 | D:10     | Received a gift from Okawaru
  9208 | D:10     | Found the +8 mithril axe "Arga" {speed, Will+}
  9244 | D:10     | Noticed a two-headed ogre
  9247 | D:10     | Noticed a two-headed ogre
  9252 | D:10     | Killed a two-headed ogre
  9253 | D:10     | Reached XP level 11. HP: 48/97 MP: 5/10
  9256 | D:10     | Killed a two-headed ogre
  9467 | D:10     | Reached skill level 5 in Dodging
  9499 | D:10     | Noticed a fire dragon
  9501 | D:10     | Noticed an ogre mage
  9804 | D:10     | Killed an ogre mage
  9805 | D:10     | Reached skill level 13 in Axes
  9829 | D:10     | Identified the +7 broad axe of Wyrd {pain, rPois Will+
                  | Dex+4} (Okawaru gifted it to you on level 10 of the
                  | Dungeon)
  9829 | D:10     | Received a gift from Okawaru
  9830 | D:10     | Reached skill level 10 in Armour
  9958 | D:10     | Reached skill level 10 in Fighting
  9965 | D:10     | Killed a fire dragon
  9966 | D:10     | Reached skill level 10 in Shields
 10250 | D:11     | Noticed a two-headed ogre
 10263 | D:11     | Killed a two-headed ogre
 11305 | D:11     | Received a gift from Okawaru
 11591 | Lair:1   | Entered Level 1 of the Lair of Beasts
 11597 | Lair:1   | Identified the ring of Cheibriados, Blushing {rElec Will+
                  | Int+5 SInv Stlth-}
 11604 | Lair:1   | Reached skill level 14 in Axes
 11633 | Lair:1   | Noticed a four-headed hydra
 11636 | Lair:1   | Noticed a four-headed hydra
 11666 | D:9      | Reached XP level 12. HP: 71/108 MP: 9/11
 12008 | D:9      | Killed a four-headed hydra
 12011 | D:9      | Killed a four-headed hydra
 12515 | Lair:1   | Reached ****** piety under Okawaru
 12757 | Lair:1   | Received a gift from Okawaru
 12757 | Lair:1   | Found the +1 cloak of Starlight {*Dazzle EV+4 Stlth--}
 12758 | Lair:1   | Reached skill level 15 in Axes
 13536 | Lair:2   | Found a staircase to the Snake Pit.
 14409 | Lair:3   | Noticed a catoblepas
 14440 | Lair:2   | Killed a catoblepas
 14541 | Lair:3   | Reached XP level 13. HP: 117/117 MP: 12/12
 14618 | Lair:3   | Got the Folio of Hot Malediction
 14826 | Lair:3   | Reached skill level 16 in Axes
 15264 | Lair:3   | Identified the +2 pair of gloves "Asaugykk" {Will+ Stlth+}
                  | (Okawaru gifted it to you on level 3 of the Lair of Beasts)
 15264 | Lair:3   | Received a gift from Okawaru
 15445 | Lair:3   | Found a staircase to the Swamp.
 16046 | Lair:4   | Noticed Urug
 16064 | Lair:4   | Killed Urug
 16065 | Lair:4   | Reached skill level 17 in Axes
 16552 | Lair:4   | Identified the +1 pair of boots "Laeqorawk" {rF+ Will-
                  | Int+7 Dex-2}
 16615 | Lair:4   | Identified the +6 spear "Sinlabog" {speed, rCorr}
 16816 | Lair:5   | Entered Level 5 of the Lair of Beasts
 16955 | Lair:5   | Reached XP level 14. HP: 111/127 MP: 10/13
 16974 | Lair:5   | Identified the +6 great sword "Hiraig" {vorpal, Fly Int+2
                  | Stlth+} (Okawaru gifted it to you on level 5 of the Lair of
                  | Beasts)
 16974 | Lair:5   | Received a gift from Okawaru
 17642 | Lair:5   | Received a gift from Okawaru
 17645 | Lair:5   | Reached skill level 18 in Axes
 17730 | Lair:5   | Reached skill level 10 in Dodging
 18077 | Lair:5   | Noticed Kirke
 18089 | Lair:5   | Killed Kirke
 18194 | Lair:5   | Identified the +9 short sword "Duicap" {freeze, rC++ rCorr
                  | Int-4 SInv}
 18692 | Lair:5   | Reached XP level 15. HP: 137/137 MP: 14/14
 18897 | Orc:1    | Entered Level 1 of the Orcish Mines
 18918 | Orc:1    | Found Gisij's Distillery.
 18946 | Orc:1    | Found a shimmering blue altar of Sif Muna.
 19032 | Orc:1    | Noticed Fannar
 19032 | Orc:1    | Noticed Sonja
 19048 | Orc:1    | Killed Sonja
 19055 | Orc:1    | Killed Fannar
 19261 | Orc:1    | Got Sif Muna's Commentary on Transmogrification
 19289 | Orc:1    | Bought a potion of curing for 30 gold pieces
 19289 | Orc:1    | Bought a potion of curing for 30 gold pieces
 19289 | Orc:1    | Bought a potion of resistance for 100 gold pieces
 19289 | Orc:1    | Bought a potion of resistance for 100 gold pieces
 19447 | Orc:2    | Entered Level 2 of the Orcish Mines
 19495 | Orc:2    | Found a staircase to the Elven Halls.
 19664 | Orc:2    | Found Faotzi's Book Boutique.
 19678 | Orc:2    | Reached skill level 19 in Axes
 19722 | Orc:2    | Found Jir Cufojie's Book Shop.
 19728 | Orc:2    | Identified the +0 robe of Wrong Decisions {Int+7} (Okawaru
                  | gifted it to you on level 2 of the Orcish Mines)
 19728 | Orc:2    | Received a gift from Okawaru
 19737 | Orc:2    | Found Zeruacse's Armour Emporium.
 19832 | Orc:2    | Reached XP level 16. HP: 118/147 MP: 15/15
 20105 | Orc:2    | Found Deubiz's Armour Shop.
 21126 | D:12     | You fall into a shaft and drop 2 floors!
 21172 | D:14     | Noticed Rupert
 21187 | D:14     | Killed Rupert
 21524 | D:13     | Found Joatadam's Fire Supplies.
 21691 | D:12     | Found a runed translucent gate.
 21691 | D:12     | Found a runed translucent gate.
 21693 | D:12     | Found an opulent altar of Gozag.
 21694 | D:12     | Found a runed translucent gate.
 21695 | D:12     | Noticed Tuyluirph's ghost (adept MfTm)
 21695 | D:12     | Noticed a shadow dragon
 21696 | D:12     | Found Suxeag's Assorted Antiques.
 22265 | D:13     | Found an iron altar of Okawaru.
 23342 | D:14     | Found a gate to the Vaults.
 23350 | D:14     | Reached skill level 20 in Axes
 23571 | D:14     | Noticed Azrael
 23591 | D:14     | Killed Azrael
 23918 | D:14     | Identified the +1 pair of gloves "Ageimen" {Will+ rCorr
                  | Dex-4} (Okawaru gifted it to you on level 14 of the
                  | Dungeon)
 23918 | D:14     | Received a gift from Okawaru
 24255 | D:15     | Entered Level 15 of the Dungeon
 24268 | D:15     | Reached skill level 15 in Fighting
 24268 | D:15     | Reached skill level 15 in Armour
 24474 | D:15     | Reached skill level 15 in Shields
 24802 | D:15     | Found a blossoming altar of Fedhas.
 24806 | D:15     | Identified the +3 ring mail of Awe {rElec rF- Int+4}
 24861 | D:15     | Found a staircase to the Depths.
 25256 | Snake:1  | Entered Level 1 of the Snake Pit
 25608 | Snake:1  | Noticed Aizul
 25639 | Lair:2   | Killed Aizul
 26187 | Snake:1  | Identified the ring "Qumen" {rPois Int+2 Dex+2 Stlth+}
 26524 | Snake:1  | Found Nureydou's Weapon Shoppe.
 27349 | Snake:2  | Found an ornate altar of the Wu Jian Council.
 27409 | Snake:2  | Reached XP level 17. HP: 152/156 MP: 16/16
 27424 | Snake:2  | Found Kadaurgh's Antique Armour Boutique.
 27426 | Snake:2  | Found Zeuhaas's Weapon Shop.
 27428 | Snake:2  | Found Serph's Jewellery Boutique.
 27485 | Snake:2  | Reached skill level 21 in Axes
 27489 | Snake:2  | Received a gift from Okawaru
 28492 | Snake:2  | Identified Roxanne's Incunabulum of Shapeshifting
 28492 | Snake:2  | Noticed Roxanne
 29533 | Snake:3  | Identified the +6 hand axe "Gipelah" {holy, rPois rF+
                  | Will+} (Okawaru gifted it to you on level 3 of the Snake
                  | Pit)
 29533 | Snake:3  | Received a gift from Okawaru
 30172 | Snake:3  | Identified the +4 falchion "Pozisedee" {venom, rPois Dex+4}
 30403 | Snake:4  | Entered Level 4 of the Snake Pit
 31137 | Snake:4  | Identified the +3 pair of boots of Bitterness {Fly Str-2
                  | Slay+6 Stlth-} (Okawaru gifted it to you on level 4 of the
                  | Snake Pit)
 31137 | Snake:4  | Received a gift from Okawaru
 32265 | Snake:4  | Reached skill level 22 in Axes
 33262 | Snake:4  | HP: 4/159 [nagaraja/+0 flail (14)]
 33700 | Snake:4  | Reached XP level 18. HP: 160/168 MP: 17/17
 34087 | Snake:4  | Got a serpentine rune of Zot
 34555 | Swamp:1  | Entered Level 1 of the Swamp
 34744 | Swamp:1  | Received a gift from Okawaru
 36350 | Swamp:3  | Noticed Nikola
 36370 | Swamp:2  | Killed Nikola
 36714 | Swamp:3  | Noticed a tentacled monstrosity
 36726 | Swamp:3  | Killed a tentacled monstrosity
 36727 | Swamp:3  | Reached skill level 23 in Axes
 36757 | Swamp:3  | Received a gift from Okawaru
 37258 | Swamp:4  | Entered Level 4 of the Swamp
 37408 | Swamp:4  | Noticed Mlioglotl
 37629 | Swamp:4  | Killed Mlioglotl
 37798 | Swamp:4  | Identified the +1 robe "Ymevaef" {rElec Str+7 Int+3 Stlth-}
 38062 | Swamp:4  | Noticed Bai Suzhen
 38089 | Swamp:4  | Killed Bai Suzhen
 38369 | Swamp:4  | Identified the +2 cloak of the Fife {rC+} (Okawaru gifted
                  | it to you on level 4 of the Swamp)
 38369 | Swamp:4  | Received a gift from Okawaru
 38464 | Swamp:4  | Found a runed translucent door.
 38560 | Swamp:4  | Noticed nickcage's ghost (adept MiMo)
 38579 | Swamp:4  | Killed nickcage's ghost
 39240 | Swamp:4  | Identified the +1 scale mail of Untold Secrets {-Tele
                  | Rampage rElec Int-2}
 39361 | Swamp:4  | Noticed a bone dragon
 39391 | Swamp:4  | Killed a bone dragon
 39824 | Swamp:4  | Got a decaying rune of Zot
 40534 | Vaults:1 | Entered Level 1 of the Vaults
 40671 | Vaults:1 | Found Yfaqemaj's Book Emporium.
 40762 | Vaults:1 | Reached skill level 1 in Evocations
 40762 | Vaults:1 | Reached XP level 19. HP: 177/177 MP: 18/18
 41327 | Vaults:1 | Found a transporter.
 41344 | Vaults:1 | Found a transporter.
 41461 | Vaults:1 | Received a gift from Okawaru
 41474 | Vaults:1 | Reached skill level 24 in Axes
 41501 | Vaults:1 | Received a gift from Okawaru
 42299 | Vaults:1 | Reached skill level 15 in Dodging
 42334 | Vaults:1 | Identified the +4 ring mail of Doam {Drain Will+ Regen+
                  | Dex+2} (Okawaru gifted it to you on level 1 of the Vaults)
 42334 | Vaults:1 | Received a gift from Okawaru
 42687 | Vaults:2 | Noticed Asterion
 42701 | Vaults:2 | Killed Asterion
 44070 | Vaults:2 | Found a staircase to the Crypt.
 45219 | Vaults:3 | Reached XP level 20. HP: 128/188 MP: 13/19
 46162 | Vaults:4 | Received a gift from Okawaru
 46252 | Vaults:4 | Reached skill level 5 in Evocations
 46350 | Vaults:4 | Reached skill level 25 in Axes
 47096 | Vaults:4 | Noticed Donald
 47112 | Vaults:4 | Killed Donald
 47926 | Depths:1 | Entered Level 1 of the Depths
 48914 | Depths:1 | Found an ancient bone altar of Kikubaaqudgha.
 48933 | Depths:1 | Found Nanu's Antique Weapon Emporium.
 48938 | Depths:1 | Found Kesail's Magic Scroll Shoppe.
 48989 | Depths:1 | Bought 3 scrolls of enchant weapon for 360 gold pieces
 49072 | Depths:1 | Found Giuhuose's Book Emporium.
 49078 | Depths:1 | Found a gateway to Hell.
 49112 | Depths:1 | Found a one-way gate to the infinite horrors of the Abyss.
 49145 | Depths:1 | Found a one-way gate leading to the halls of Pandemonium.
 49378 | Depths:1 | Found a portal to a secret trove of treasure.
 49399 | Depths:1 | Identified the +2 longbow "Biuph" {freeze, Str+4 Int+4
                  | SInv}
 49408 | Depths:1 | Identified the +7 lajatang "Heajoyr" {vorpal, Dex+5}
 49408 | Depths:1 | Identified the +4 shadow dragon scales "Xugol" {rF- Dex+6
                  | Stlth++++}
 49423 | Depths:1 | Noticed a doom hound
 49438 | Depths:1 | Killed a doom hound
 49438 | Depths:1 | Identified the +5 war axe of the Orange Skies {venom, rF+
                  | rCorr} (Okawaru gifted it to you on level 1 of the Depths)
 49438 | Depths:1 | Received a gift from Okawaru
 49442 | Depths:1 | Noticed a bone dragon
 50008 | Depths:1 | Killed a bone dragon
 50802 | D:7      | Bought a manual of Shields for 880 gold pieces
 50802 | D:7      | Bought a manual of Dodging for 880 gold pieces
 51223 | Depths:2 | Found Muymiocu's Magic Scroll Shop.
 51758 | Depths:2 | Received a gift from Okawaru
 51847 | Depths:2 | Reached XP level 21. HP: 36/198 MP: 3/20
 52249 | Depths:2 | Noticed Mara
 52251 | Depths:2 | Noticed miket3c's illusion
 52269 | Depths:2 | Killed Mara
 52381 | Depths:2 | Reached skill level 26 in Axes
 52931 | Depths:2 | Found a one-way gateway to a ziggurat.
 52934 | Depths:2 | Received a gift from Okawaru
 53361 | Depths:2 | Identified the +8 long sword of Dismemberment {freeze,
                  | rPois Str+2}
 53410 | Depths:2 | Identified the +5 shortbow of the Pillar {venom, rF+++
                  | Will+ Int-2 SInv}
 53768 | Depths:2 | Bought a scroll of enchant armour for 105 gold pieces
 53768 | Depths:2 | Bought 3 scrolls of enchant armour for 315 gold pieces
 53768 | Depths:2 | Bought a scroll of enchant weapon for 105 gold pieces
 53768 | Depths:2 | Bought a scroll of enchant armour for 105 gold pieces
 55000 | Depths:3 | Found Elonol's Weapon Boutique.
 55322 | Depths:3 | Found a shadowy altar of Dithmenos.
 55446 | Depths:3 | Found Axocvire's Book Emporium.
 55446 | Depths:3 | Found Iradd's Jewellery Boutique.
 55447 | Depths:3 | Found Tedesh's Jewellery Boutique.
 55655 | Depths:3 | Noticed a golden dragon
 55665 | Depths:3 | Killed a golden dragon
 55667 | Depths:3 | Noticed a caustic shrike
 55672 | Depths:3 | Noticed a golden dragon
 55681 | Depths:3 | Killed a caustic shrike
 55681 | Depths:3 | Identified the +0 kite shield "Koeharim" {*Slow rElec
                  | Int+5} (Okawaru gifted it to you on level 3 of the Depths)
 55681 | Depths:3 | Received a gift from Okawaru
 55684 | Depths:3 | Killed a golden dragon
 55758 | Depths:3 | Noticed a caustic shrike
 55768 | Depths:3 | Killed a caustic shrike
 55969 | Depths:3 | Identified the +5 short sword of Midwinter {flame, rC+
                  | Str+6}
 56058 | Depths:4 | Entered Level 4 of the Depths
 56069 | Depths:4 | Paralysed by a floating eye for 3 turns
 56451 | Depths:4 | Reached XP level 22. HP: 95/209 MP: 9/21
 57283 | Depths:4 | Found a runed translucent gate.
 57287 | Depths:4 | Found a runed translucent gate.
 57287 | Depths:4 | Found a runed translucent gate.
 57295 | Depths:4 | Noticed Parghit
 57328 | Depths:4 | Killed Parghit
 57926 | Depths:4 | Reached skill level 27 in Axes
 58578 | Depths:4 | Noticed a golden dragon
 58589 | Depths:4 | Killed a golden dragon
 58589 | Depths:4 | Identified the +1 pair of boots of the Six Telling Friars
                  | {rC+ rN+} (Okawaru gifted it to you on level 4 of the
                  | Depths)
 58589 | Depths:4 | Received a gift from Okawaru
 58816 | Depths:4 | Found a gate to the Realm of Zot.
 59012 | Depths:4 | Upgraded the game from 0.29-a0-1033-gb6c65ffae6 to
                  | 0.29-a0-1043-g569b05d6ff
 59612 | Lair:5   | Found a staircase to the Slime Pits.
 59671 | Slime:1  | Entered Level 1 of the Pits of Slime
 60705 | Slime:5  | Entered Level 5 of the Pits of Slime
 61315 | Slime:5  | Noticed the Royal Jelly
 61330 | Slime:5  | Killed the Royal Jelly
 61352 | Slime:5  | HP: 15/316 [acid[the Royal Jelly] (1)]
 61354 | Slime:5  | Demolished by an acid blob

Illustrated notes

Levels and vault maps discovered:
D:1:      dpeg_arrival_water_altar, layout_rooms,
          nicolae_ecumenical_snake_handling, serial_shops, shop,
          hangedman_glass_teeth
D:2:      layout_basic, serial_shops, nicolae_shop_hallway_plus, uniq_jessica,
          uniq_terence, uniq_robin
D:3:      layout_loops_cross, nicolae_overflows_in_rows, kennysheep_orc_chapel,
          uniq_crazy_yiuf_cottage
D:4:      layout_loops_ring, minmay_temple_entry_hall, item_on_display_a
D:5:      layout_basic
D:6:      layout_loops_ring, nicolae_benzene_ring, uniq_menkaure
D:7:      layout_loops_ring, nicolae_shop_self_help
D:8:      layout_basic, uniq_erica, uniq_joseph, uniq_gastronok, uniq_grum,
          uniq_maurice
D:9:      layout_rooms, general_overflow_altar, lair_entry_dummy,
          minmay_orc_entry_temple_small
D:10:     minmay_the_grid_square_5x5_3x3 [minmay_the_grid_square_5x5_checkered,
          minmay_the_grid_square_5x5_broken_cross,
          minmay_the_grid_square_5x5_minibox,
          minmay_the_grid_square_5x5_trominoes,
          minmay_the_grid_square_5x5_megaprize_checkered,
          minmay_the_grid_square_5x5_checkered_sparse,
          minmay_the_grid_square_5x5_almost_minimal,
          minmay_the_grid_square_5x5_tetrominoes,
          minmay_the_grid_square_5x5_beaten_path], layout_rooms,
          minmay_misc_feat_encased, uniq_maggie, uniq_snorg
D:11:     layout_cave_pools
D:12:     layout_basic, serial_rivers, chequers_serial_rivers_small_a,
          chequers_serial_rivers_micro_a, chequers_serial_rivers_small_a,
          chequers_serial_rivers_small_a, ebering_ghost_gozag
D:13:     layout_rooms, nicolae_shop_fire_sale [nicolae_sub_dead_trees],
          okawaru_trees_1
D:14:     layout_rooms, grunt_vaults_entry_tiered, serial_corexii_hall,
          chequers_hall_statues_wall_a, chequers_hall_statues_corner_a,
          chequers_hall_statues_y, corexii_hall_statues_x,
          einodemon_armed_red_devil_minivault, uniq_rupert, uniq_azrael
D:15:     gammafunk_enter_depths_forms, layout_basic, serial_glass,
          glass_columns_a, glass_columns_b, fedhas_altar_1
Temple:   hellmonk_temple_two_chambers
Lair:1:   layout_hall_layers, special_room [special_room_bee], st_stairs_9,
          columned_hall_lemuel, dreamdust_mushroom_princess,
          serial_bayou_shore_b, grunt_megastairs_5, infiniplex_staircase_pool_2
Lair:2:   layout_regular_city, guppyfry_snake_entry_island
Lair:3:   layout_chaotic_city, nicolae_swamp_entry_splash_gauntlet
Lair:4:   layout_misc_corridors, st_stairs_11, grunt_megastairs_4, uniq_urug
Lair:5:   minmay_lair_end_frog_pond, layout_long_grid,
          minmay_slime_entry_oklob_enclosed, st_stairs_9, uniq_kirke
Swamp:1:  layout_basic_swamp, evilmike_swamp_ruin_house_2
Swamp:2:  layout_falls_marsh, evilmike_swamp_ruin_rubble_1
Swamp:3:  layout_basic_swamp, evilmike_swamp_ruin_wall, swamp_pool1, uniq_nikola
Swamp:4:  swamp_pestilence, layout_basic_swamp, ebering_ghost_reflecting_pool,
          infiniplex_staircase_pool, uniq_bai_suzhen, uniq_mlioglotl
Snake:1:  layout_cave_shapes, serial_shops, nicolae_shop_bloodbath_and_beyond,
          nicolae_snake_gridmaze_swirls, grunt_ministairs_3,
          hangedman_snake_pattern, serial_bayou_pond_c, lemuel_fruit_tree,
          uniq_aizul
Snake:2:  layout_onion, basic_altar, nicolae_snake_gridmaze_spiral,
          minmay_shop_star, uniq_roxanne
Snake:3:  layout_rooms, nicolae_triple_integral
Snake:4:  snake_pit, layout_chambers, minmay_snake_pond
Slime:1:  layout_caves
Slime:2:  layout_caves
Slime:3:  layout_caves
Slime:4:  layout_caves, nicolae_slime_ancient_tower_intersection,
          nicolae_slime_phagocytosis
Slime:5
Orc:1:    layout_caves, serial_shops, shop, led_sif_book, uniq_sonja,
          uniq_fannar
Orc:2:    st_orc_open, layout_diamond_mine
Vaults:1: v_alt_pattern_2, v_misc_3, nicolae_vaults_network_s,
          hangedman_vaults_slither, gammafunk_the_bubble
          [the_bubble_gammafunk_crates], nicolae_vaults_specimen_jars,
          grunt_vaults_diagonal, v_rooms_6, v_alt_pattern_3,
          nicolae_vaults_little_squares_3, dpeg_vaults_monster_row,
          nicolae_vaults_asterisk, v_misc_16, vaults_dpeg_ring,
          vaults_dpeg_hooks, layout_vaults_maze_bifur, serial_shops,
          nicolae_square_shop
Vaults:2: grunt_vaults_hallway_short, minmay_crypt_entry_simple_corners,
          nicolae_vaults_little_squares_2, nicolae_vaults_ninety_degrees,
          vaults_room_fancy_cross, v_misc_14, vaults_dpeg_encased_lava,
          v_misc_25, layout_vaults_quadrants, uniq_asterion
Vaults:3: hangedman_vaults_capsules, hangedman_vaults_slice,
          ontoclasm_vaults_bender, vaults_mumra_chevron_long,
          ontoclasm_vaults_ring_large, ontoclasm_vaults_idyll,
          ontoclasm_vaults_decontamination, vaults_room_corners,
          grunt_vaults_hallway_short, v_misc_14, hangedman_vaults_river_flow,
          vaults_room_corners, hangedman_vaults_trim,
          nicolae_vaults_little_squares_6, ontoclasm_vaults_gateway,
          vaults_room_stairs_pillars, vaults_room_pool, layout_vaults_omnicross
Vaults:4: hangedman_vaults_nodes, grunt_vaults_focal, vaults_room_fours,
          hangedman_vaults_stretched_pinwheel, vaults_room_pools,
          ontoclasm_vaults_loading_screen, layout_vaults_chaotic_city,
          uniq_donald
Depths:1: layout_basic, grunt_pan_entry_in_and_out, abyss_entry, hell_entry,
          serial_shops, nicolae_diamond_shop, kiku_gazebo_pond_becter,
          enter_trove_3, grunt_ministairs_15, beargit_elvish_explorers,
          firewood_loft, minmay_shoptagon, serial_bayou_shore_a
Depths:2: nzn_winding_woodlands_large [nzn_winding_woodlands_5x5_open_star,
          nzn_winding_woodlands_5x15_sawtooth,
          nzn_winding_woodlands_5x5_closed_star,
          nzn_winding_woodlands_center_lodge,
          nzn_winding_woodlands_15x15_thick_spiral,
          nzn_winding_woodlands_center_garden,
          nzn_winding_woodlands_5x5_default, nzn_winding_woodlands_5x15_pool,
          nzn_winding_woodlands_hourglass], layout_honeycomb, enter_ziggurat_f,
          grunt_decor_arrowhead, rand_demon_pan_entry_9,
          grunt_hell_entry_dis_old, serial_shops, nicolae_inconvenience_store,
          grunt_ministairs_2, minmay_misc_feat_alley, kennysheep_generic_room_9,
          uniq_mara
Depths:3: evilmike_pillar_path, layout_gridlike, abyss_entry_small_statue_room,
          serial_shops, nicolae_shop_advertising_works
          [nicolae_subvault_shop_adworks], hell_entry, abandoned_shop,
          serial_corexii_hall, corexii_hall_statues_t, corexii_hall_statues_u,
          corexii_hall_statues_i, chequers_hall_statues_wall_a,
          grunt_dithmenos_smoke_and_mirrors, minmay_shop_grove
Depths:4: grunt_zot_entry_gee_three, layout_cave_shapes, hell_entry,
          pandoras_box_mu, uniq_parghit

Skill      XL: |  1  2  3  4  5  6  7  8  9 10 11 12 13 14 15 16 17 18 19 20 21 22 |
---------------+-------------------------------------------------------------------+-----
Axes           | 3 4 5 6 7 9 11 12 14 15 17 18 19 20 22 23 24 25 26 27 | 27.0
Armour         | 4 5 6 7 8 9 10 11 12 13 14 15 16 17 18 19 20 | 20.4
Shields        | 4 5 6 7 8 9 10 11 12 13 14 15 16 17 18 19 20 21 | 21.8
Fighting       | 4 5 6 7 8 9 10 11 12 13 14 15 16 17 18 19 20 | 20.4
Dodging        | 2 4 6 8 9 10 11 12 13 14 15 16 17 19 | 19.0
Evocations     | 1 4 6 8 9 |  9.0

Action                   |  1- 3 |  4- 6 |  7- 9 | 10-12 | 13-15 | 16-18 | 19-21 | 22-24 || total
-------------------------+-------+-------+-------+-------+-------+-------+-------+-------++-------
Melee: War axe           |    89 |    80 |   194 |   115 |       |       |       |       ||   478
       Headbutt          |    12 |    13 |    28 |    86 |   125 |   409 |   443 |   112 ||  1228
       Broad axe         |       |       |       |   305 |   469 |  1612 |  1647 |   356 ||  4389
       Morningstar       |       |       |       |     8 |    23 |       |       |       ||    31
       Eveningstar       |       |       |       |       |    20 |       |       |       ||    20
Throw: Dart              |       |     3 |       |     1 |       |       |       |       ||     4
Invok: Heroism           |       |       |     2 |     9 |     4 |    12 |    14 |     6 ||    47
Evoke: Wand              |       |     3 |     4 |     5 |       |     3 |       |       ||    15
  Use: Potion            |       |     2 |       |     3 |     6 |    12 |     4 |    11 ||    38
       Scroll            |       |     9 |     5 |    13 |     5 |    18 |    13 |     1 ||    64
 Stab: Invisible         |       |       |       |     5 |    15 |    18 |    20 |     5 ||    63
       Petrified         |       |       |       |     5 |       |       |       |       ||     5
Armor: Scale mail        |    40 |    26 |    58 |       |       |       |       |       ||   124
       Plate armour      |       |       |       |   178 |   156 |       |       |       ||   334
       Crystal plate arm |       |       |       |       |    56 |   655 |   575 |   168 ||  1454
Dodge: Dodged            |    48 |    45 |    98 |   241 |   291 |   513 |   422 |   142 ||  1800
Block: Buckler           |    23 |    16 |    55 |   123 |   158 |    58 |       |       ||   433
       Kite shield       |       |       |       |       |       |   634 |   706 |   180 ||  1520
       Reflection        |       |       |       |       |       |       |     7 |     6 ||    13

Table legend: (Time is in decaauts)
 A = Elapsed time spent in this place.
 B = Non-inter-level travel time spent in this place.
 C = Inter-level travel time spent in this place.
 D = Time resting spent in this place.
 E = Time spent auto-exploring this place.
 F = Levels seen in this place.
 G = Mean time per level.
                   A        B        C        D        E       F      G
               +--------+--------+--------+--------+--------+-----+--------+
         Total |  59950 |  56441 |   3509 |  17105 |  31784 |  44 | 1362.5 |
       Dungeon |  17484 |  15917 |   1567 |   3895 |   9972 |  15 | 1165.6 |
        Temple |     26 |     21 |      5 |      0 |      8 |   1 |   26.0 |
          Lair |   7564 |   6949 |    615 |   1273 |   4526 |   5 | 1512.8 |
         Swamp |   5762 |   5556 |    206 |   2059 |   2517 |   4 | 1440.5 |
     Snake Pit |   8664 |   8459 |    205 |   3681 |   3817 |   4 | 2166.0 |
    Slime Pits |   1503 |   1503 |      0 |   1265 |      0 |   5 |  300.6 |
  Orcish Mines |   1583 |   1426 |    157 |    351 |    897 |   2 |  791.5 |
        Vaults |   6937 |   6419 |    518 |   1003 |   4659 |   4 | 1734.2 |
        Depths |  10421 |  10187 |    234 |   3577 |   5387 |   4 | 2605.2 |
               +--------+--------+--------+--------+--------+-----+--------+

Top non-repeatable levels by time:
Depths:3: 2847 daAuts
 Snake:4: 2830 daAuts
 Swamp:4: 2790 daAuts
Depths:2: 2749 daAuts
Depths:1: 2684 daAuts
 Snake:3: 2378 daAuts
  Lair:5: 2259 daAuts
Depths:4: 2140 daAuts
Vaults:1: 2080 daAuts
    D:10: 2049 daAuts
 Snake:2: 1936 daAuts
  Lair:2: 1843 daAuts
  Lair:3: 1841 daAuts
Vaults:3: 1712 daAuts
Vaults:2: 1645 daAuts
